 Dungeon Crawl Stone Soup version 0.30.0-29-ga12c61a403 (webtiles) character file.

Game seed: 4319540140721115087

1647 cdecastro the Changer (level 8, -2/71 HPs)
             Began as a Grey Draconian Transmuter on June 23, 2023.
             Killed from afar by an orc wizard (6 damage)
             ... with a magic dart
             ... on level 6 of the Dungeon.
             The game lasted 00:12:53 (5877 turns).

cdecastro the Changer (Grey Draconian Transmuter)   Turns: 5877, Time: 00:12:54

Health: -2/71      AC:  2    Str: 12    XL:     8   Next: 67%
Magic:  9/13       EV: 24    Int: 16    God:
Gold:   301        SH:  0    Dex: 17    Spells: 4/14 levels left

rFire   . .          .
                       - Unarmed
rCold   . . .        (shield currently unavailable)
rNeg    . . .        (body armour unavailable)
rPois   x            (helmet currently unavailable)
rElec   .            E - melded +1 cloak
rCorr   .            (gloves currently unavailable)
SInv    .            e - melded +0 pair of boots
Will    .....        (no amulet)
Stlth   ++           y - +5 ring of evasion
HPRegen 0.31/turn    t - ring of wizardry
MPRegen 0.13/turn

%: wizardry (x1)
@: spider-form (expiring)
A: venomous fangs, AC +11, (amphibious), tiny, unfitting armour, (cold-blooded)
a: End Transformation


You were on level 6 of the Dungeon.
You were a venomous arachnid creature.
You visited 1 branch of the dungeon, and saw 6 of its levels.

You collected 301 gold pieces.

Inventory:

Missiles
 H - a throwing net
Armour
 e - a +0 pair of boots (melded)
 x - a scarf of repulsion
 E - a +1 cloak (melded)
Magical Staves
 b - a staff of death
 i - a staff of earth
Jewellery
 d - a ring of magical power
 j - a +6 ring of dexterity
 m - a ring of resist corrosion
 t - a ring of wizardry (right front pincers)
 y - a +5 ring of evasion (left front pincers)
 A - an amulet of the acrobat
Wands
 C - a wand of polymorph (6)
Scrolls
 f - 6 scrolls of identify {unknown}
 g - 2 scrolls of poison {unknown}
 h - 3 scrolls of noise {unknown}
 o - 3 scrolls of teleportation {unknown}
 p - a scroll of fog {unknown}
 q - a scroll of blinking {unknown}
 r - 2 scrolls of magic mapping {unknown}
 s - 2 scrolls of fear {unknown}
 B - 2 scrolls of butterflies {unknown}
 D - a scroll of enchant armour {unknown}
 G - a scroll of vulnerability {unknown}
Potions
 a - 2 potions of lignification
 c - a potion of haste {unknown}
 k - 2 potions of curing {unknown}
 l - a potion of berserk rage {unknown}
 n - 2 potions of attraction {unknown}
 u - a potion of invisibility {unknown}
 v - a potion of heal wounds {unknown}
 w - a potion of degeneration {unknown}
 z - a potion of ambrosia {unknown}
 F - 2 potions of mutation {unknown}


   Skills:
 + Level 6.9 Fighting
 - Level 1.7 Dodging
 - Level 5.4 Unarmed Combat
 + Level 3.8 Spellcasting
 - Level 7.1 Transmutations


You had 4 spell levels left.
You knew the following spells:

 Your Spells              Type           Power      Damage    Failure   Level
a - Beastly Appendage     Tmut           52%        N/A       1%          1
b - Wereblood             Tmut           26%        N/A       2%          2
c - Spider Form           Tmut/Pois      14%        N/A       12%         3
d - Ice Form              Ice/Tmut       14%        N/A       28%         4

Your spell library contained the following spells:

 Spells                   Type           Power      Damage    Failure   Level
 Passwall                 Tmut/Erth      11%        N/A       7%          2
 Sandblast                Erth           6%         2d5       16%         1
 Stone Arrow              Conj/Erth      6%         3d7       34%         3
 Fulminant Prism          Conj/Hex       1%         3d5       69%         4
 Borgnjor's Vile Clutch   Necr/Erth      1%         N/A       93%         5


Dungeon Overview and Level Annotations

Branches:
Dungeon (6/15)
 Temple: D:4-7

Altars:
Ashenzari
Okawaru
Wu Jian
Xom

Shops:
D:5 *

Annotations:
D:5 4 runed translucent doors, Crazy Yiuf; Pass3's ghost, novice GnHs; bairyn's ghost, amateur AtFi; ppsocheesy's ghost, novice MiBe; seaoflcl's ghost, amateur MiFi


Innate Abilities, Weirdness & Mutations

You are a venomous arachnid creature.
You have venomous fangs.
You are tiny and dextrous.
Your spellcasting is less reliable in this form.
Your armour is entirely melded.
You are incapable of wielding weapons or throwing items.
((Your dull iron-grey scales are very hard. (AC +11)))
((You are amphibious.))
You cannot fit into any form of body armour.
((You are cold-blooded and may be slowed by cold attacks.))


Message History

Unknown command.
You hit the orc warrior.
The orc warrior looks as sick as possible!
The orc warrior is lightly wounded.
The orc wizard hits you with a +0 dagger.
* * * LOW HITPOINT WARNING * * *
The orc warrior completely misses you.
Unknown command.
You hit the orc warrior but do no damage.
The orc warrior looks as sick as possible!
The orc warrior is lightly wounded.
The orc wizard misses you. The orc warrior misses you.
Unknown command.
You bite the orc warrior!
The orc warrior looks as sick as possible!
The orc warrior is severely wounded.
The orc wizard misses you. The orc warrior completely misses you.
Unknown command.
The orc wizard attacks as you move away!
The orc wizard hits you with a +0 dagger.
* * * LOW HITPOINT WARNING * * *
Your transformation is almost over.
Your primal bloodlust is almost over.
The orc wizard mumbles some strange words.
The orc wizard flickers and vanishes!
Deactivating autopickup; reactivate with Ctrl-A.
The orc warrior misses you.
The orc wizard attacks as you move away!
The orc wizard misses you.
You hiss as the wereblood boils in your veins!
You kill the orc warrior!
The orc wizard points at you and mumbles some strange words.
You resist with some effort.
Unknown command.
The orc wizard points at you and mumbles some strange words.
The puff of flame hits you!
* * * LOW HITPOINT WARNING * * *
Your primal bloodlust has ended.
The orc wizard points at you and mumbles some strange words.
The magic dart hits you.
You die...

....###...###....#####.....#
###...##.##...####......(..#
###..#†#..######.........#
##.#.#.###.............#
#.....###.###....#....#
##...###<..##....####...
#.).#...........# ##...#
#...#.################...##
##.##.....s...o...).....)..
#.##.##########..)#..|....
#.##.# #...#....o.. #.##.#
#...#.....o. #.#..#
#..§#....... #...##
....§.§....... ###.#
#.≈≈≈≈§≈§≈≈..... #.#
#.§....§§.≈..... #.#
#.≈.≈≈≈≈≈.≈.


You could see an orc wizard.

Vanquished Creatures
  Edmund (D:5)
  An orc warrior (D:6)
  An ice beast (D:6)
  2 black bears
  A centaur (D:5)
  A phantom (D:4)
  A bullfrog (D:6)
  3 scorpions
  4 crimson imps (D:3)
  A hound (D:5)
  An iron imp (D:6)
  5 iguanas
  6 orc wizards
  Robin (D:4)
  8 gnolls
  6 adders
  4 worms
  2 dart slugs
  23 orcs
  2 endoplasms
  5 giant cockroaches
  22 goblins
  11 hobgoblins
  7 jackals
  9 kobolds
  7 quokkas
  6 ball pythons
  3 bats
  4 frilled lizards
  6 rats
154 creatures vanquished.

Notes
Turn   | Place    | Note
-------+----------+-------------------------------------------
     0 | D:1      | cdecastro the Draconian Transmuter began the quest for the
                  | Orb.
     0 | D:1      | Reached XP level 1. HP: 16/16 MP: 3/3
   214 | D:1      | Reached XP level 2. HP: 23/23 MP: 3/5
   595 | D:1      | Reached XP level 3. HP: 28/28 MP: 4/6
  1007 | D:2      | Reached skill level 3 in Transmutations
  1535 | D:2      | Reached XP level 4. HP: 35/35 MP: 7/7
  1770 | D:3      | Learned a level 2 spell: Wereblood
  1774 | D:3      | Learned a level 3 spell: Spider Form
  2190 | D:3      | Reached skill level 4 in Transmutations
  2190 | D:3      | Reached XP level 5. HP: 39/40 MP: 4/8
  2490 | D:3      | Found a shimmering altar of Xom.
  2517 | D:3      | Reached skill level 5 in Unarmed Combat
  2539 | D:3      | Reached XP level 6. HP: 47/47 MP: 6/9
  2807 | D:4      | Reached skill level 5 in Transmutations
  3506 | D:4      | Noticed Robin
  3512 | D:4      | Killed Robin
  3781 | D:4      | Your scales start taking on a dull iron-grey colour.
  3781 | D:4      | Reached XP level 7. HP: 54/57 MP: 5/10
  4126 | D:5      | Entered Level 5 of the Dungeon
  4134 | D:5      | Reached skill level 6 in Transmutations
  4345 | D:5      | Reached skill level 5 in Fighting
  4345 | D:5      | Reached XP level 8. HP: 53/68 MP: 8/11
  4406 | D:5      | Found Pefy's Gadget Gallery.
  4455 | D:5      | Found an ornate altar of the Wu Jian Council.
  4492 | D:5      | Found a runed translucent gate.
  4492 | D:5      | Found a runed translucent gate.
  4492 | D:5      | Found a runed translucent gate.
  4493 | D:5      | Noticed bairyn's ghost (amateur AtFi)
  4494 | D:5      | Noticed seaoflcl's ghost (amateur MiFi)
  4494 | D:5      | Noticed Pass3's ghost (novice GnHs)
  4494 | D:5      | Noticed ppsocheesy's ghost (novice MiBe)
  4534 | D:5      | Noticed Edmund
  4556 | D:5      | Killed Edmund
  4557 | D:5      | Reached skill level 7 in Transmutations
  4755 | D:5      | Found a broken altar of Ashenzari.
  4922 | D:5      | Got the Vellum of Beguiling Detritus
  5043 | D:5      | Found a runed translucent door.
  5050 | D:5      | Learned a level 4 spell: Ice Form
  5051 | D:5      | Noticed Crazy Yiuf
  5466 | D:6      | Noticed Grinder
  5475 | D:6      | Paralysed by Grinder for 4 turns
  5495 | D:6      | Paralysed by Grinder for 5 turns
  5506 | D:6      | Grinder changed into Grinder the iron imp
  5506 | D:6      | Noticed Grinder
  5511 | D:6      | Killed Grinder the iron imp
  5851 | D:6      | Found an iron altar of Okawaru.
  5873 | D:6      | HP: 3/71 [orc wizard/puff of flame (8)]
  5877 | D:6      | Killed from afar by an orc wizard

Illustrated notes

Levels and vault maps discovered:
D:1:      saegor_arrival_simple_a, layout_basic, serial_bayou_crossing
D:2:      minmay_skewed_foursquare, layout_basic
D:3:      layout_rooms, led_xom_imps, kennysheep_generic_room_8
D:4:      kennysheep_goblin_castle, layout_basic
D:5:      layout_rooms, lemuel_crystal_altar, nicolae_overflow_hidden_temple,
          gammafunk_ghost_cemetery, hangedman_decor_opposing,
          nicolae_shop_gadgets, uniq_edmund, uniq_crazy_yiuf_cottage
D:6:      minmay_general_purpose_star, layout_basic,
          mainiacjoe_overflow_concentric_impassable, minmay_temple_entry_glass,
          corexii_hall_statues_i, kennysheep_flooded_box, uniq_grinder

Skill      XL: |  1  2  3  4  5  6  7  8 |
---------------+-------------------------+-----
Transmutations | 3 4 5 6 7 |  7.1
Unarmed Combat | 4 5 |  5.4
Fighting       | 3 5 6 |  6.9
Spellcasting   | 3 |  3.8
Dodging        | |  1.7

Action                     |  1- 3 |  4- 6 |  7- 9 || total
---------------------------+-------+-------+-------++-------
  Melee: Unarmed           |   113 |   172 |   147 ||   432
         Kick              |    24 |    29 |       ||    53
         Headbutt          |    11 |    20 |       ||    31
         Tailslap          |     8 |    13 |     2 ||    23
         Punch             |     5 |     4 |       ||     9
   Cast: Beastly Appendage |    29 |    22 |     1 ||    52
         Wereblood         |       |    10 |     7 ||    17
         Spider Form       |       |     5 |    20 ||    25
  Evoke: Wand              |       |       |     1 ||     1
   Stab: Sleeping          |     1 |       |       ||     1
 Armour: Skin              |    29 |    40 |     5 ||    74
  Dodge: Dodged            |    64 |   112 |   125 ||   301
